 Dungeon Crawl Stone Soup version 0.29.1-12-g30fa7ad0bf (webtiles) character file.

Game seed: 16255274452822460854

38 hitthewallwitha the Shield-Bearer (level 3, -1/33 HPs)
             Began as a Minotaur Fighter on Dec 23, 2022.
             Was an Initiate of Wu Jian.
             Slain by a fire elemental (14 damage)
             ... created by the fiery vengeance of Ignis
             ... on level 2 of the Dungeon.
             The game lasted 00:05:45 (1278 turns).

hitthewallwitha the Shield-Bearer (MiFi)            Turns: 1278, Time: 00:05:45

Health: -1/33      AC: 14    Str: 22    XL:     3   Next: 25%
Magic:  2/2        EV:  3    Int:  5    God:    Wu Jian [......]
Gold:   113        SH:  4    Dex:  9    Spells: 2/2 levels left

rFire   . . .      SeeInvis .   a - +0 flail
rCold   + . .      Faith    .   c - +0 buckler
rNeg    . . .      Spirit   .   k - +0 gold dragon scales
rPois   +          Reflect  .   (helmet restricted)
rElec   .          Harm     .   (no cloak)
rCorr   .          Rampage  .   (no gloves)
Will    .....                   (no boots)
Stlth   ..........              (no amulet)
HPRegen 0.11/turn               (no ring)
MPRegen 0.08/turn               (no ring)

@: fire susceptible
A: horns 2, retaliatory headbutt
a: Renounce Religion


You were on level 2 of the Dungeon.
You worshipped Wu Jian.
Wu Jian was noncommittal.
You visited 1 branch of the dungeon, and saw 2 of its levels.

You collected 113 gold pieces.

Inventory:

Hand Weapons
 a - a +0 flail (weapon)
 g - a +0 long sword
 n - a +0 short sword
Armour
 b - a +0 scale mail
 c - a +0 buckler (worn)
 e - a +0 robe
 k - +0 gold dragon scales (worn)
Scrolls
 f - 2 scrolls of teleportation {unknown}
 h - a scroll of noise {unknown}
 m - a scroll of identify {unknown}
Potions
 d - a potion of might
 i - a potion of curing {unknown}
 j - a potion of mutation {unknown}
 l - a potion of degeneration {unknown}


   Skills:
 + Level 4.0 Fighting
 + Level 3.0 Maces & Flails
 + Level 4.0 Armour
 + Level 0.4 Dodging
 + Level 4.2 Shields


You had 2 spell levels left.
You didn't know any spells.
Your spell library contained the following spells:

 Spells                   Type           Power      Damage    Failure   Level
 Ozocubu's Armour         Ice            0%         N/A       100%        3
 Metabolic Englaciation   Hex/Ice        0%         N/A       100%        5
 Simulacrum               Ice/Necr       0%         N/A       100%        6


Dungeon Overview and Level Annotations

Branches:
Dungeon (2/15)

Altars:
Wu Jian
Ignis

Shops:
D:1 (


Innate Abilities, Weirdness & Mutations

You have a pair of horns on your head.
You reflexively headbutt those who attack you in melee.


Message History

You closely miss the frilled lizard.
Your headbutt misses the frilled lizard.
You block the frilled lizard's attack.
You closely miss the frilled lizard. You headbutt the frilled lizard.
The frilled lizard is heavily wounded.
The frilled lizard bites you but does no damage.
The frilled lizard barely misses you.
You miss the frilled lizard.
Your headbutt misses the frilled lizard.
The frilled lizard is heavily wounded.
The frilled lizard bites you but does no damage.
You closely miss the frilled lizard.
The frilled lizard is heavily wounded.
The frilled lizard bites you but does no damage.
You completely miss the frilled lizard.
The frilled lizard is heavily wounded.
The frilled lizard bites you but does no damage. x2
You closely miss the frilled lizard.
The frilled lizard is heavily wounded.
The frilled lizard bites you but does no damage.
Unknown command.
You closely miss the frilled lizard.
The frilled lizard is heavily wounded.
You block the frilled lizard's attack.
You thump the frilled lizard!
You kill the frilled lizard!
The Council accepts your kill.
You see here a frilled lizard corpse.
You see here a frilled lizard corpse. "Attack, my last stalwart servants!" 3 fire elementals come into view.
There is a stone staircase leading down here.
You closely miss the fire elemental. You barely miss the fire elemental.
The fire elemental barely misses you. The fire elemental hits you.
The fire elemental burns you!
You barely miss the fire elemental. The fire elemental hits you.
The fire elemental burns you! You block the fire elemental's attack.
The fire elemental hits you. The fire elemental burns you!
The fire elemental hits you. The fire elemental burns you!
You die...

### #.# # ... #..
## #.# #.# #. #.#
#.# ## #E# #.# #
#@# #.######## #E#
#.##...... #E##
#.##.####. #..#
#.##.####.
##.######.........
#.##........####.
#.##.######## #.
#†##.# #. #.##.#
##.


You could see 3 fire elementals.

Vanquished Creatures
  A worm (D:2)
  A dart slug (D:1)
  3 ball pythons (D:1)
  2 endoplasms (D:1)
  3 giant cockroaches (D:1)
  3 goblins (D:1)
  5 hobgoblins (D:1)
  A kobold (D:2)
  A quokka (D:1)
  3 bats
  3 frilled lizards
  5 rats (D:1)
31 creatures vanquished.

Notes
Turn   | Place    | Note
-------+----------+-------------------------------------------
     0 | D:1      | hitthewallwitha the Minotaur Fighter began the quest for
                  | the Orb.
     0 | D:1      | Reached XP level 1. HP: 19/19 MP: 0/0
   206 | D:1      | Found Haagitzoorph's Antique Weapon Boutique.
   275 | D:1      | Reached XP level 2. HP: 27/27 MP: 1/1
   543 | D:1      | Found a faded altar of an unknown god.
   553 | D:1      | Prayed at the altar of an unknown god.
   553 | D:1      | Became a worshipper of Ignis, the Dying Flame
   833 | D:1      | Reached XP level 3. HP: 33/33 MP: 2/2
  1123 | D:2      | Found an ornate altar of the Wu Jian Council.
  1151 | D:2      | Fell from the grace of Ignis
  1151 | D:2      | Became a worshipper of the Wu Jian Council
  1276 | D:2      | Noticed a fire elemental
  1276 | D:2      | Noticed a fire elemental
  1276 | D:2      | Noticed a fire elemental
  1278 | D:2      | Slain by a fire elemental

Illustrated notes

Levels and vault maps discovered:
D:1:      wander_arrival_desolate, layout_loops_ring,
          hellmonk_ecumenical_altar_pennies_from_heaven, serial_shops,
          nicolae_shop_trees, skrybe_limestone_x, minmay_pentomino_s4
D:2:      layout_loops_ring, basic_altar, serial_shops,
          nicolae_shop_hallway_plus, grunt_decor_fettered, grunt_ministairs_3,
          nrook_loot_triangle

Skill      XL: |  1  2  3 |
---------------+----------+-----
Shields        | 4 |  4.2
Armour         | 4 |  4.0
Fighting       | 4 |  4.0
Maces & Flails | 3 |  3.0
Dodging        | |  0.4

Action                   || total
-------------------------++-------
Melee: Flail             ||    83
       Headbutt          ||    13
Armor: Scale mail        ||    25
       Gold dragon scale ||    18
Dodge: Dodged            ||    30
Block: Buckler           ||    19
